 Dungeon Crawl Stone Soup version 0.30.0-18-gc0e69614cb (webtiles) character file.

Game seed: 6969768623245094240

1782 NateTC the Trooper (level 9, -3/69 HPs)
             Began as a Djinni Fire Elementalist on May 25, 2023.
             Was an Initiate of Gozag.
             Slain by a shadow (25 damage)
             ... on level 7 of the Dungeon.
             The game lasted 00:12:11 (6823 turns).

NateTC the Trooper (Djinni Fire Elementalist)       Turns: 6823, Time: 00:12:12

Health: -3/69      AC:  4    Str: 11    XL:     9   Next: 29%
Gold:   602        EV: 12    Int: 20    God:    Gozag SH:  0 Dex: 15

rFire   + + .        (no weapon)
rCold   x . .        (no shield)
rNeg    . . .        a - +1 robe
rPois   ∞            (no helmet)
rElec   .            (no cloak)
rCorr   .            r - +0 pair of gloves
SInv    .            (boots unavailable)
Will    +....        (no amulet)
Stlth   ++           x - ring of fire
HPRegen 0.31/turn    l - ring of Vihi {Ice Will+ Str+4}
MPRegen 0.00/turn

%: infuse magic (-4 HP)
@: gold aura, flying, very slightly contaminated
A: sickness immunity, fire resistance 2, cold vulnerability 1, float, innate
caster, HP casting, extra vitality 1
a: Renounce Religion, Potion Petition, Call Merchant, Bribe Branch


You were on level 7 of the Dungeon.
You worshipped Gozag.
Gozag was pleased with you.
You visited 2 branches of the dungeon, and saw 8 of its levels.
You also visited: Sewer.

You collected 714 gold pieces.
You paid 112 gold pieces to Gozag.

Inventory:

Missiles
 w - a throwing net
Armour
 a - a +1 robe (worn)
 r - a +0 pair of gloves (worn)
Jewellery
 f - a ring of resist corrosion
 g - a ring of ice
 k - a +6 ring of dexterity
 l - the ring of Vihi (right hand) {Ice Will+ Str+4}
   (You found it on level 3 of the Dungeon)

   [ring of ice]

   It enhances your ice magic.
   Str:       It affects your strength (+4).
   rF:        It makes you vulnerable to fire.
   rC:        It protects you from cold.
   Will:      It increases your willpower.
 s - a ring of positive energy
 u - a ring of see invisible
 x - a ring of fire (left hand)
 y - a ring of ice
 z - a +6 ring of dexterity
Wands
 q - a wand of flame (22)
Scrolls
 c - a scroll of torment
 d - 3 scrolls of magic mapping
 v - a scroll of blinking
Potions
 e - 2 potions of attraction
 h - 2 potions of flight
 i - a potion of curing
 m - a potion of mutation {unknown}
 n - a potion of brilliance {unknown}
 o - 2 potions of might
 p - a potion of magic {unknown}
 t - a potion of invisibility {unknown}


   Skills:
 * Level 7.7 Fighting
 - Level 2.1 Dodging
 - Level 1.5 Stealth
 - Level 6.8 Spellcasting


You knew the following spells:

 Your Spells              Type           Power      Damage    Failure   Level
a - Foxfire               Conj/Fire      100%       2x1d9     1%          1
b - Scorch                Fire           100%       2d9       1%          2
c - Volatile Blastmotes   Fire/Tloc      100%       2d18      1%          3
d - Inner Flame           Hex/Fire       50%        N/A       1%          3
e - Flame Wave            Conj/Fire      50%        2d12      6%          4
f - Summon Small Mammal   Summ           100%       N/A       1%          1
g - Wereblood             Tmut           34%        N/A       1%          2
h - Passwall              Tmut/Erth      28%        N/A       1%          2
i - Petrify               Tmut/Erth      34%        N/A       6%          4
Your spell library was empty.

Dungeon Overview and Level Annotations

Branches:
Dungeon (7/15) Zot: 26792  Temple (1/1) D:5 Zot: 5866   Sewer (visited)

Altars:
Gozag
Hepliaklqana
Nemelex Xobeh
Okawaru
Ru
Trog
Wu Jian
Yredelemnul

Shops:
D:4 (

Annotations:
D:6 3 runed translucent doors, Valagong's ghost, novice GrCA


Innate Abilities, Weirdness & Mutations

You are immune to sickness and miasma.
You are immune to poison.
Your flesh is very heat resistant. (rF++)
You are vulnerable to cold. (rC-)
You float through the air rather than walking.
You learn spells naturally, not from books.
Your magical power is your life essence.
You have superior vitality. (+4 MHP)


Message History

Found a scroll of blinking, 35 gold pieces and a bone wand.
Something hits you!
Deactivating autopickup; reactivate with Ctrl-A.
Something completely misses you.
There is an open door here.
Casting: Scorch (safe; 1% risk of failure)
Confirm with . or Enter, or press ? or * to list all spells.
You feel a surge of power!
Flames lash something.
Something hits you! x2
Casting: Scorch (safe; 1% risk of failure)
Confirm with . or Enter, or press ? or * to list all spells.
You feel a surge of power!
You miscast Scorch.
You are very lightly contaminated with residual magic.
Nothing appears to happen.
You hear the creaking of a very distant portcullis.
Something hits you. The shadow hits you!
Casting: Scorch (safe; 1% risk of failure)
Confirm with . or Enter, or press ? or * to list all spells.
You feel a surge of power!
Flames lash something.
Something hits you but does no damage. The shadow closely misses you.
Casting: Scorch (safe; 1% risk of failure)
Confirm with . or Enter, or press ? or * to list all spells.
You feel a surge of power!
Flames lash something.
Something hits you!
* * * LOW HITPOINT WARNING * * *
The shadow hits you!
* * * LOW HITPOINT WARNING * * *
Casting: Scorch (safe; 1% risk of failure)
Confirm with . or Enter, or press ? or * to list all spells.
You feel a surge of power!
Flames lash the shadow.
The shadow is moderately damaged.
The shadow's fire resistance burns away.
* * * LOW HITPOINT WARNING * * *
Something hits you.
* * * LOW HITPOINT WARNING * * *
The shadow slips into darkness.
The shadow flickers and vanishes!
Okay, then.
You feel much better.
The shadow strikes at you from the darkness!
You die...
Your body crumbles into a pile of gold.

.# #+# ##.# $ #.#
#... #.# ##...
#.#+ #..#
####+.~####.#
+...?⌠....'.#
####+.~####.##
#.#@{.#..### $
#.#.?$##...####.#
#.#.$/###(......#
#+##### ###.#####
$ #...# #.#
###.#.# ##.#
#...#.# ##..# ##
#.#.###.###..##
.# #...).#.....##


There were no monsters in sight!

Vanquished Creatures
  A wraith (D:7)
  Eustachio (D:6)
  A steam dragon (D:6)
  Menkaure (D:6)
  An ice beast (D:5)
  A black bear (D:4)
  2 centaurs
  An ogre (D:6)
  2 kobold brigands (D:6)
  2 bullfrogs (Sewer)
  A scorpion (D:6)
  A jelly (D:4)
  2 hounds
  A gnoll bouda (D:6)
  3 iguanas
  2 orc wizards
  6 gnolls
  8 adders
  3 white imps (D:6)
  5 worms
  A dart slug (D:3)
  7 orcs
  9 ball pythons
  5 bats
  8 endoplasms
  6 giant cockroaches
  4 hobgoblins
  A jackal (D:4)
  10 kobolds
  8 quokkas
  9 frilled lizards
  7 goblins
  5 rats
125 creatures vanquished.

Vanquished Creatures (others)
  456 foxfires
456 creatures vanquished.

Grand Total: 581 creatures vanquished

Notes
Turn   | Place    | Note
-------+----------+-------------------------------------------
     0 | D:1      | NateTC the Djinni Fire Elementalist began the quest for the
                  | Orb.
     0 | D:1      | NateTC set off with the following spells memorised:
                  | Foxfire, Scorch, Volatile Blastmotes, Inner Flame, Flame
                  | Wave.
     0 | D:1      | Reached XP level 1. HP: 15/15 MP: 0/0
   153 | D:1      | Reached XP level 2. HP: 19/21 MP: 0/0
  1180 | D:2      | Reached XP level 3. HP: 25/25 MP: 0/0
  1180 | D:2      | Learned a level 1 spell: Summon Small Mammal
  1600 | D:2      | HP: 1/25 [gnoll/+0 club (2)]
  1605 | D:2      | Reached XP level 4. HP: 9/31 MP: 0/0
  2190 | D:3      | Identified the ring of Vihi {Ice Will+ Str+4}
  2221 | D:3      | Found an iron altar of Okawaru.
  2541 | D:3      | Reached XP level 5. HP: 30/35 MP: 0/0
  2541 | D:3      | Learned a level 2 spell: Wereblood
  2582 | D:3      | Found an ornate altar of the Wu Jian Council.
  2763 | D:4      | Noticed a black bear
  2780 | D:4      | Killed a black bear
  2781 | D:4      | Reached XP level 6. HP: 25/40 MP: 0/0
  2918 | D:4      | Reached skill level 5 in Spellcasting
  3152 | D:4      | Found a glowing drain.
  3187 | Sewer    | Entered a sewer
  3343 | Sewer    | Reached XP level 7. HP: 29/45 MP: 0/0
  3343 | Sewer    | Learned a level 2 spell: Passwall
  3901 | D:4      | Found Tetode's Weapon Shoppe.
  4006 | D:5      | Entered Level 5 of the Dungeon
  4280 | D:5      | Reached XP level 8. HP: 48/50 MP: 0/0
  4497 | D:5      | Found a staircase to the Ecumenical Temple.
  4628 | Temple   | Entered the Ecumenical Temple
  4710 | Temple   | Became a worshipper of Gozag Ym Sagoz the Greedy
  4900 | D:6      | Reached skill level 1 in Fighting
  4902 | D:6      | Noticed Eustachio
  4909 | D:6      | Reached skill level 2 in Fighting
  4931 | D:6      | Killed Eustachio
  4932 | D:6      | Reached skill level 3 in Fighting
  5233 | D:6      | Reached skill level 4 in Fighting
  5521 | D:6      | Reached skill level 5 in Fighting
  5625 | D:6      | Noticed Menkaure
  5635 | D:6      | Killed Menkaure
  5785 | D:6      | Reached skill level 6 in Fighting
  5785 | D:6      | Reached XP level 9. HP: 49/67 MP: 0/0
  5785 | D:6      | Learned a level 4 spell: Petrify
  5910 | D:6      | Found a runed translucent gate.
  5911 | D:6      | Found a runed translucent gate.
  5911 | D:6      | Found a runed translucent gate.
  5912 | D:6      | Noticed Valagong's ghost (novice GrCA)
  6031 | D:6      | Reached skill level 7 in Fighting
  6822 | D:7      | HP: 1/69 [something (1)]
  6823 | D:7      | Slain by a shadow

Illustrated notes

Levels and vault maps discovered:
D:1:      dpeg_arrival_ternary, layout_basic, kennysheep_crisscross,
          nicolae_figureground_sparkle
D:2:      layout_basic
D:3:      kennysheep_big_flooded_room, layout_rooms, nzn_wu_jian_contemplation,
          okawaru_trees_2
D:4:      layout_loops_ring, serial_shops, shop, cheibrodos_sewer_entry_bend,
          grunt_ministairs_10, minmay_surrounded
D:5:      layout_gridville, temple_hall
D:6:      cheibrodos_thug_alley, layout_loops_corners,
          ebering_ghost_rock_garden, minmay_misc_feat_more_columns,
          chequers_serial_rivers_large_b, amcnicky_mini_pool_small,
          minivault_22, uniq_eustachio, uniq_menkaure
D:7:      minmay_the_grid_plus_closed [minmay_the_grid_large_cup,
          minmay_the_grid_paths, minmay_the_grid_minigrid_medium,
          minmay_the_grid_minigrid_small, minmay_the_grid_prize_four_corners],
          layout_gridville, enter_bailey_3, serial_co_window_serial,
          co_window_corner_a, co_window_of_opportunity_a, co_window_cross_1,
          co_window_paths_a, co_window_paths_a, co_window_unsneaky_path_e,
          co_window_unsneaky_path_a, co_window_unsneaky_path_a
Temple:   mainiacjoe_temple_cubbyholes

Skill      XL: |  1  2  3  4  5  6  7  8  9 |
---------------+----------------------------+-----
Spellcasting   | 3 4 5 6 |  6.8
Fighting       | 6 7 |  7.7
Dodging        | |  2.1
Stealth        | |  1.5

Action                     |  1- 3 |  4- 6 |  7- 9 || total
---------------------------+-------+-------+-------++-------
  Melee: Unarmed           |     1 |       |       ||     1
   Cast: Foxfire           |    39 |   119 |   131 ||   289
         Scorch            |    15 |    17 |    34 ||    66
         Inner Flame       |       |     2 |       ||     2
         Volatile Blastmot |       |       |     7 ||     7
    Use: Scroll            |     4 |     1 |     8 ||    13
         Potion            |     2 |       |     1 ||     3
 Armour: Robe              |     3 |     2 |     4 ||     9
  Dodge: Dodged            |    14 |    14 |    21 ||    49
